 Dungeon Crawl Stone Soup version 0.21.1-1-g345015f (webtiles) character file.

3170 Kagorn the Skirmisher (level 10, -1/69 HPs)
             Began as a Halfling Fighter on July 5, 2018.
             Was a Follower of Dithmenos.
             Killed by divine providence
             ... invoked by an orc priest
              (13 damage)
             ... on level 8 of the Dungeon.
             The game lasted 01:12:04 (9408 turns).

Kagorn the Skirmisher (Halfling Fighter)            Turns: 9408, Time: 01:12:06

Health: -1/69      AC: 17    Str: 17 (19) XL:     10   Next: 16%
Magic:  3/3        EV:  7    Int: 10 (11) God:    Dithmenos [*.....]
Gold:   35         SH: 12    Dex: 13 (16) Spells: 10/11 levels left

rFire    . . .     SeeInvis .   s - +3 hand axe (antimagic)
rCold    . . .     Gourm    .   c - +2 shield
rNeg     . . .     Faith    .   F - +0 plate armour (curse)
rPois    .         Spirit   .   z - +0 helmet
rElec    .         Reflect  .   t - +0 cloak
rCorr    +         Harm     .   v - +1 pair of gloves
MR       +....                  (no boots)
Stlth    ..........             (no amulet)
HPRegen  0.21/turn              e - ring of protection from magic
MPRegen  0.08/turn              h - ring of resist corrosion

@: brilliant, wreathed by umbra, drained
A: small, mutation resistance 1
a: Renounce Religion


You were on level 8 of the Dungeon.
You worshipped Dithmenos.
Dithmenos was aware of your devotion.
You were not hungry.

You visited 2 branches of the dungeon, and saw 9 of its levels.

You collected 332 gold pieces.
You spent 297 gold pieces at shops.

Inventory:

Hand Weapons
 a - a +0 rapier
 b - a +0 long sword
 d - a +1 dagger of freezing
 g - a +2 dagger of venom
 n - a +0 hunting sling
 p - a +0 blowgun
 s - a +3 antimagic hand axe (weapon)
 u - a +4 scimitar
 w - a +0 dagger of holy wrath
 E - a +1 dagger of draining
 H - a +3 dagger
Missiles
 j - 46 sling bullets
 o - 26 poisoned needles
Armour
 c - a +2 shield (worn)
 t - a +0 cloak (worn)
 v - a +1 pair of gloves (worn)
 z - a +0 helmet (worn)
 F - a cursed +0 plate armour (worn)
Jewellery
 e - a ring of protection from magic (left hand)
 h - a ring of resist corrosion (right hand)
 l - an uncursed ring of positive energy
 r - an uncursed ring of magical power
 x - an uncursed ring of protection from cold
Wands
 C - a wand of acid (8)
Scrolls
 i - a scroll of amnesia
 k - 2 scrolls of magic mapping
 m - 6 scrolls of identify
 q - 5 scrolls of remove curse
 A - a scroll of enchant weapon
Books
 y - a book of Maledictions

   Spells                             Type                      Level
   a - Corona                         Hexes                        1
   b - Ensorcelled Hibernation        Hexes/Ice                    2
   c - Confuse                        Hexes                        3
   d - Tukima's Dance                 Hexes                        3
   e - Dazzling Spray                 Conjuration/Hexes            3
 D - a book of Misfortune

   Spells                             Type                      Level
   a - Confusing Touch                Hexes                        1
   b - Confuse                        Hexes                        3
   c - Gell's Gravitas                Translocation                3
   d - Petrify                        Transmutation/Earth          4
   e - Metabolic Englaciation         Hexes/Ice                    5
   f - Yara's Violent Unravelling     Hexes/Transmutation          5
Comestibles
 f - 3 rations


   Skills:
 * Level 6.6(6.3) Fighting
 - Level 4.4(4.5) Short Blades
 * Level 1.7(2.7) Long Blades
 - Level 3.6(3.4) Axes
 - Level 5.0(4.7) Slings
 + Level 5.8(5.6) Armour
 + Level 4.8(4.5) Dodging
 + Level 5.2(4.9) Stealth
 + Level 6.0(5.7) Shields
 + Level 1.2(0.9) Spellcasting
 + Level 1.2(0.9) Hexes
 + Level 2.0(1.7) Invocations
 + Level 1.0(0.7) Evocations


You had 10 spell levels left.
You knew the following spells:

 Your Spells              Type           Power        Failure   Level  Hunger
a - Corona                Hex            #......      95%         1    ##.....


Dungeon Overview and Level Annotations

Branches:
Dungeon (8/15)             Temple (1/1) D:4
   Lair: D:8-11

Altars:
Ashenzari
Cheibriados
Dithmenos
Elyvilon
Fedhas
Gozag
Kikubaaqudgha
Makhleb
Nemelex Xobeh
Okawaru
Qazlal
Ru
Sif Muna
Trog
Uskayaw
Vehumet
Wu Jian
Xom
Yredelemnul
Zin
The Shining One

Shops:
D:6 *   D:7 !}*

Annotations:
D:5 tkdonut's ghost, novice HOBe


Innate Abilities, Weirdness & Mutations

You are small and have problems with some larger weapons.
You are somewhat resistant to further mutation.


Message History

You destroy the adder skeleton!
Dithmenos accepts your kill. You block the orc warrior's attack.
You block the wolf's attack.
You hit the orc warrior.
The orc warrior is heavily wounded.
You hit the wolf but do no damage. You block the wolf's attack.
The orc warrior barely misses you. The wolf bites you but does no damage.
Your plate armour prevents you from hitting the orc warrior.
The orc warrior is heavily wounded.
You closely miss the wolf. The wolf bites you.
* * * LOW HITPOINT WARNING * * *
You block the orc warrior's attack. You block the wolf's attack.
You barely miss the orc warrior.
The orc warrior is heavily wounded.
You barely miss the wolf. You block the wolf's attack.
The orc wizard mumbles some strange words.
The orc wizard blinks!
The orc priest calls down the wrath of Beogh upon you.
Beogh smites you!
You die...

#.≈..≈.≈≈≈≈≈≈
#.≈..≈.≈....≈
#........≈...
#............
#<###..#
#h§...#
#h##### #h#
#@# #o# #o#
#o# #o. ###


You could see an orc warrior, 2 wolves, a hound, an orc priest and 2 orcs.

Vanquished Creatures
  Pikel (D:5)
  Grinder (D:5)
  Duvessa (D:7)
  An orc warrior (D:7)
  2 phantoms
  A slave (D:5)
  2 ogres (D:5)
  5 centaurs
  2 bullfrogs
  Dowan (D:7)
  9 wights (D:6)
  A centaur zombie (D:5)
  4 hounds
  2 jellies (D:5)
  A centaur skeleton (D:4)
  2 orc priests
  7 orc wizards
  Jessica (D:3)
  5 worker ants
  An iguana (D:4)
  2 hound skeletons
  A hound zombie (D:7)
  8 adders
  3 gnolls (D:3)
  3 oozes
  An adder zombie (D:6)
  3 adder skeletons
  6 worms
  3 dart slugs
  5 leopard geckos
  30 orcs
  A ball python (D:1)
  6 giant cockroaches
  6 goblins
  9 hobgoblins
  10 jackals
  A quokka (D:6)
  5 bats
  7 frilled lizards
  9 kobolds
  A leopard gecko skeleton (D:4)
  4 rats
174 creatures vanquished.

Vanquished Creatures (others)
  A wizard (D:3)
  2 slaves
  An iguana (D:5)
  A quokka (D:3)
5 creatures vanquished.

Grand Total: 179 creatures vanquished

Notes
Turn   | Place    | Note
-------+----------+-------------------------------------------
     0 | D:1      | Kagorn the Halfling Fighter began the quest for the Orb.
     0 | D:1      | Reached XP level 1. HP: 15/15 MP: 1/1
     0 | D:1      | Noticed a draconian
     0 | D:1      | Noticed a centaur
     1 | D:1      | Noticed a ghoul
     1 | D:1      | Noticed a ghoul
     5 | D:1      | Noticed a dwarf
    27 | D:1      | Noticed a human
    29 | D:1      | Noticed a troll
    30 | D:1      | Noticed a dwarf
    31 | D:1      | Noticed a draconian
    33 | D:1      | Noticed a vine stalker
    33 | D:1      | Noticed an ogre
    35 | D:1      | Noticed an ogre
    35 | D:1      | Noticed a gargoyle
    37 | D:1      | Noticed a dwarf
   123 | D:1      | Reached XP level 2. HP: 13/20 MP: 2/2
   779 | D:1      | Reached XP level 3. HP: 25/25 MP: 3/3
   940 | D:2      | Reached skill level 1 in Dodging
  1362 | D:2      | Found a sacrificial altar of Ru.
  1394 | D:2      | Reached XP level 4. HP: 25/31 MP: 4/4
  1400 | D:2      | Found a glowing silver altar of Zin.
  1953 | D:3      | Reached skill level 1 in Stealth
  1981 | D:3      | Noticed Jessica
  2000 | D:3      | Killed Jessica
  2014 | D:3      | Reached XP level 5. HP: 27/36 MP: 5/5
  2169 | D:3      | HP: 1/36 [orc priest/divine providence (10)]
  2811 | D:3      | Reached XP level 6. HP: 33/42 MP: 6/6
  2866 | D:3      | Found a bloodstained altar of Trog.
  2867 | D:3      | Noticed a wizard
  2874 | D:3      | Killed a wizard
  3422 | D:3      | HP: 2/43 [poisoned by a gnoll]
  3969 | D:4      | HP: 2/43 [poisoned by a worker ant]
  4343 | D:4      | Reached skill level 1 in Slings
  4343 | D:4      | Reached XP level 7. HP: 40/48 MP: 2/7
  4482 | D:4      | Found a staircase to the Ecumenical Temple.
  4524 | D:4      | HP: 2/48 [orc wizard/magic dart (8)]
  4525 | D:4      | Reached skill level 1 in Axes
  4535 | D:4      | HP: 2/48 [ooze (2)]
  4832 | Temple   | Entered the Ecumenical Temple
  4917 | Temple   | Became a worshipper of Dithmenos the Shadowed
  5168 | D:4      | Found an ornate altar of the Wu Jian Council.
  5210 | D:4      | Found a bloodstained altar of Trog.
  5213 | D:4      | Found a radiant altar of Vehumet.
  5279 | D:4      | Found a basalt altar of Yredelemnul.
  5315 | D:5      | Entered Level 5 of the Dungeon
  5331 | D:5      | Reached XP level 8. HP: 11/54 MP: 8/8
  5539 | D:5      | Noticed Pikel
  5819 | D:5      | Killed Pikel
  5819 | D:5      | Reached skill level 5 in Fighting
  5819 | D:5      | Reached skill level 5 in Armour
  5819 | D:5      | Reached skill level 5 in Shields
  5924 | D:5      | Reached XP level 9. HP: 58/61 MP: 9/9
  5932 | D:5      | Noticed Grinder
  5956 | D:5      | Paralysed by Grinder for 6 turns
  5965 | D:5      | Paralysed by Grinder for 3 turns
  5980 | D:5      | Paralysed by Grinder for 4 turns
  5984 | D:5      | Killed Grinder
  6309 | D:5      | Noticed tkdonut's ghost (novice HOBe)
  6389 | D:4      | Learned a level 1 spell: Corona
  7333 | D:6      | Reached * piety under Dithmenos
  7661 | D:6      | Reached skill level 1 in Invocations
  7678 | D:6      | Reached skill level 5 in Slings
  7986 | D:6      | Found Xuqyaku's Assorted Antiques.
  7999 | D:6      | Bought a scroll of remove curse for 99 gold pieces
  7999 | D:6      | Bought a scroll of identify for 66 gold pieces
  8205 | D:6      | Found a burning altar of Makhleb.
  8205 | D:6      | Noticed a green death
  8555 | D:7      | Reached skill level 5 in Stealth
  8555 | D:7      | Reached skill level 1 in Spellcasting
  8555 | D:7      | Reached XP level 10. HP: 69/69 MP: 11/11
  8610 | D:7      | Found Weloen's General Store.
  8613 | D:7      | Bought a potion of curing for 36 gold pieces
  8613 | D:7      | Bought a potion of heal wounds for 60 gold pieces
  8685 | D:7      | Reached skill level 1 in Long Blades
  8685 | D:7      | Reached skill level 1 in Hexes
  8767 | D:7      | Paralysed by a hornet for 2 turns
  8772 | D:7      | Paralysed by a hornet for 2 turns
  9143 | D:7      | Noticed Dowan
  9191 | D:7      | Killed Dowan
  9216 | D:7      | Noticed Duvessa
  9238 | D:7      | Killed Duvessa
  9238 | D:7      | Reached skill level 1 in Evocations
  9256 | D:7      | Found Goibionn's Distillery.
  9257 | D:7      | Found Naluhy's Gadget Shoppe.
  9259 | D:7      | Bought a potion of curing for 36 gold pieces
  9408 | D:8      | Killed from afar by an orc priest

Skill      XL: |  1  2  3  4  5  6  7  8  9 10 |
---------------+-------------------------------+-----
Short Blades   | 3 4 |  4.4
Fighting       | 3 4 5 6 |  6.6
Dodging        | 1 2 3 4 |  4.8
Stealth        | 1 2 3 5 |  5.2
Shields        | 4 5 6 |  6.0
Armour         | 4 5 |  5.8
Slings         | 1 2 3 5 |  5.0
Axes           | 1 2 3 |  3.6
Invocations    | 1 2 |  2.0
Spellcasting   | 1 |  1.2
Long Blades    | 1 |  1.7
Hexes          | 1 |  1.2
Evocations     | 1 |  1.0

Action                   |  1- 3 |  4- 6 |  7- 9 | 10-12 || total
-------------------------+-------+-------+-------+-------++-------
Melee: Rapier            |   137 |    60 |       |       ||   197
       Dagger            |       |   126 |   536 |    44 ||   706
       Hand axe          |       |    32 |    38 |    20 ||    90
       Scimitar          |       |       |    29 |    57 ||    86
  Use: Scroll            |     2 |     6 |     5 |     5 ||    18
       Potion            |       |     4 |     5 |     6 ||    15
 Stab: Sleeping          |       |       |     1 |       ||     1
  Eat: Ration            |     1 |     3 |     4 |     1 ||     9
Armor: Scale mail        |    38 |    24 |   151 |     5 ||   218
       Ring mail         |     7 |    52 |       |       ||    59
       Skin              |       |       |    20 |       ||    20
       Plate armour      |       |       |       |    48 ||    48
Dodge: Dodged            |    45 |    99 |   221 |    37 ||   402
Block: Shield            |   102 |   183 |   366 |    84 ||   735
       Rpst.: Scimitar   |       |       |     3 |     5 ||     8
